 Dungeon Crawl Stone Soup version 0.18.1-6-gd335043 (webtiles) character file.

1040 shmeve the Chopper (level 8, -1/70 HPs)
             Began as a Hill Orc Fighter on May 15, 2016.
             Slain by a7mans's ghost (14 damage)
             ... on level 5 of the Dungeon.
             The game lasted 00:07:51 (4315 turns).

shmeve the Chopper (Hill Orc Fighter)               Turns: 4315, Time: 00:07:52

Health: -1/70      AC: 14    Str: 24    XL:     8   Next: 24%
Magic:  8/8        EV:  6    Int:  8    God:
Gold:   217        SH: 10    Dex: 10    Spells: 0 memorised, 7 levels left

rFire  . . .     SeeInvis .     a - +0 war axe
rCold  . . .     Gourm    .     y - +0 plate armour
rNeg   . . .     Faith    .     c - +0 shield
rPois  .         Spirit   .     (no helmet)
rElec  .         Dismiss  .     C - +0 cloak
rCorr  .         Reflect  .     (no gloves)
SustAt .         Harm     .     m - +0 pair of boots
MR     .....                    (no amulet)
Stlth  ..........               (no ring)
                                r - +3 ring of strength

@: not resistant to hostile enchantments, extremely unstealthy
A: no striking features
a: no special abilities


You were on level 5 of the Dungeon.
You were near starving.

You visited 1 branch of the dungeon, and saw 5 of its levels.

You collected 217 gold pieces.

Inventory:

Hand Weapons
 a - a +0 war axe (weapon)
Armour
 c - a +0 shield (worn)
 m - a +0 pair of boots (worn)
 y - a +0 plate armour (worn)
 C - a +0 cloak (worn)
Jewellery
 r - a +3 ring of strength (left hand)
Scrolls
 b - a scroll of enchant armour {unknown}
 h - 2 scrolls of immolation {unknown}
 i - 7 scrolls of identify {unknown}
 k - a scroll of enchant weapon {unknown}
 p - 2 scrolls of recharging {unknown}
 u - a scroll of fear {unknown}
 z - 2 scrolls of remove curse {unknown}
 A - a scroll of noise {unknown}
 D - a scroll of magic mapping {unknown}
Potions
 d - 2 potions of mutation {unknown}
 e - 2 potions of resistance
 j - 3 potions of heal wounds {unknown}
 l - a potion of invisibility {unknown}
 n - a potion of cure mutation {unknown}
 o - 2 potions of flight {unknown}
 q - 3 potions of curing {unknown}
 v - 3 potions of brilliance {unknown}
 w - a potion of might
 x - a potion of haste {unknown}
 B - a potion of agility {unknown}
Comestibles
 f - 5 bread rations
 g - 2 meat rations
 s - a royal jelly
 t - 2 slices of pizza


   Skills:
 * Level 6.3 Fighting
 * Level 6.5 Axes
 + Level 4.7 Armour
 * Level 3.3 Dodging
 * Level 5.7 Shields


You had 7 spell levels left.
You didn't know any spells.

Dungeon Overview and Level Annotations

Branches:
Dungeon (5/15)
 Temple: D:4-7

Altars:
Fedhas
Gozag
Okawaru
Sif Muna
Trog
Zin

Annotations:
D:5 a7mans's ghost, novice TrMo


Message History

A7mans's ghost hits you but does no damage.
You closely miss a7mans's ghost.
A7mans's ghost is moderately damaged.
You block a7mans's ghost's attack. A7mans's ghost completely misses you.
You slash a7mans's ghost!
A7mans's ghost is heavily damaged.
A7mans's ghost wails.
A7mans's ghost hits you!
You closely miss a7mans's ghost.
A7mans's ghost is heavily damaged.
A7mans's ghost hits you!
* * * LOW HITPOINT WARNING * * *
You barely miss a7mans's ghost.
A7mans's ghost is heavily damaged.
A7mans's ghost hits you but does no damage.
You hit a7mans's ghost.
A7mans's ghost is heavily damaged.
A7mans's ghost hits you but does no damage.
A7mans's ghost hits you!
You die...

##...##.####.#.#############
#.# ##...##.#
#...#...........# #.#
##...##.# ##..#...........#
#.# .....##.#
#.....###.......# #.#
.....##.# #.(...# #.......#
#.#
.....##.####.....###.......##
#.#
...../.......................
#.#
....###.######.##############
#.# ....# #.......>.@W......
#.# ....# #.........#.#...##
#.# ....# #..##.##..#.# .#
#.# ....# #.....##..#.# #.#
....# #.######..#.# #.#
....###.######..#.# #.#
#####...........#.# #.#
#.#.#######.#.# #.# #.#.# #.#


You could see a7mans's ghost.

Vanquished Creatures
  Sigmund (D:2)
  The ghost of Talea the Conjurer, an amateur DrCj (D:3)
  A centaur (D:5)
  A scorpion (D:4)
  A crimson imp (D:5)
  3 hounds (D:4)
  A centaur skeleton (D:4)
  2 orc wizards (D:4)
  Terence (D:2)
  Jessica (D:3)
  Natasha (thrice) (D:2)
  2 worker ants
  13 adders
  A shadow imp (D:5)
  2 oozes
  2 worms
  5 dart slugs
  5 giant geckos
  13 orcs
  3 giant cockroaches
  12 goblins
  12 hobgoblins
  3 jackals (D:5)
  3 quokkas
  A ball python (D:1)
  3 bats
  8 giant newts
  A jackal skeleton (D:4)
  5 kobolds
  7 rats
117 creatures vanquished.

Notes
Turn   | Place    | Note
--------------------------------------------------------------
     0 | D:1      | shmeve the Hill Orc Fighter began the quest for the Orb.
     0 | D:1      | Reached XP level 1. HP: 19/19 MP: 1/1
   179 | D:1      | Reached XP level 2. HP: 27/27 MP: 2/2
   276 | D:1      | Reached XP level 3. HP: 27/33 MP: 3/3
   638 | D:2      | Noticed Sigmund
   653 | D:2      | Killed Sigmund
   653 | D:2      | Reached skill level 1 in Dodging
   653 | D:2      | Reached XP level 4. HP: 16/41 MP: 4/4
   653 | D:2      | Reached XP level 5. HP: 19/47 MP: 5/5
   964 | D:2      | Noticed Terence
   980 | D:2      | Killed Terence
  1001 | D:2      | Reached XP level 6. HP: 52/53 MP: 6/6
  1209 | D:2      | Noticed Natasha
  1220 | D:2      | Killed Natasha
  1261 | D:2      | Noticed Natasha
  1263 | D:2      | Reached skill level 5 in Axes
  1269 | D:2      | Killed Natasha
  1530 | D:2      | Found a faded altar to an unknown god.
  1535 | D:2      | Noticed Natasha
  1546 | D:2      | Killed Natasha
  1546 | D:2      | Reached skill level 5 in Fighting
  1742 | D:3      | Noticed Talea's ghost (amateur DrCj)
  1753 | D:3      | Killed Talea's ghost
  1753 | D:3      | Reached XP level 7. HP: 44/61 MP: 7/7
  2033 | D:3      | Noticed Jessica
  2035 | D:3      | Killed Jessica
  2035 | D:3      | Reached skill level 5 in Shields
  3340 | D:4      | Reached XP level 8. HP: 59/70 MP: 8/8
  3473 | D:5      | Entered Level 5 of the Dungeon
  3601 | D:5      | Found a glowing silver altar of Zin.
  3651 | D:5      | Found a bloodstained altar of Trog.
  3666 | D:5      | Found an iron altar of Okawaru.
  3670 | D:5      | Found a blossoming altar of Fedhas.
  3672 | D:5      | Found an opulent altar of Gozag.
  3673 | D:5      | Found a deep blue altar of Sif Muna.
  4299 | D:5      | Noticed a7mans's ghost (novice TrMo)
  4315 | D:5      | Slain by a7mans's ghost

Skill      XL: |  1  2  3  4  5  6  7  8 |
---------------+-------------------------+-----
Axes           | 3 4 5 6 |  6.5
Fighting       | 4 5 6 |  6.3
Dodging        | 1 2 3 |  3.3
Shields        | 4 5 |  5.7
Armour         | 4 |  4.7

Action                   |  1- 3 |  4- 6 |  7- 9 || total
-------------------------+-------+-------+-------++-------
Melee: War axe           |    59 |   113 |   229 ||   401
  Use: Potion            |     1 |       |       ||     1
  Eat: Chunk             |       |     3 |     7 ||    10
Armor: Scale mail        |    38 |    53 |    23 ||   114
       Plate armour      |       |       |    87 ||    87
Dodge: Dodged            |    18 |    45 |    65 ||   128
Block: Shield            |    26 |    76 |   129 ||   231
